AoeStats
← Chris77A

Black Forest

509657152Analyzed
2v2 RM · 4d ago on Sep 27, 2026· 59m 17s· 4 players
Game mode
Random Map
Map size
Medium (4 player)
Population
200
Speed
Normal
Resources
Standard
Victory
Conquest
Starting age
Dark Age
Ending age
Imperial Age
RankedLock teamsTeams togetherTeam positionsShared explorationLock speedFull tech treeHidden civsTurbo modeCheats
Victory
Defeat
🇩🇪 Danes · Germany
1298
+13
🇩🇪 Bohemians · Germany
1216
+17
🇬🇧 Teutons · United Kingdom
1289
-18
🇬🇧 Varangians · United Kingdom
1173
-12
Chris77A
0:55 Loom
11:54 Feudal Age
16:58 Castle Age
15:44 Double-Bit Axe
15:44 Horse Collar
19:00 Wheelbarrow
25:14 Bow Saw
24:56 Town Watch
26:43 Hand Cart
31:43 Imperial Age
29:13 Gold Mining
29:34 Scale Barding Armor
29:11 Pikeman
29:52 Squires
29:37 Arson
29:50 Fletching
30:11 Forging
32:16 Fortified Wall
32:16 Masonry
32:17 Heavy Plow
33:31 Chemistry
32:51 Bloodlines
32:03 Cavalier
33:05 Chain Barding Armor
32:42 Bodkin Arrow
33:12 Conscription
33:51 Siege Engineers
34:13 Crenellations
35:20 Ironclad
35:40 Plate Barding Armor
35:47 Masonry
35:58 Ballistics
36:56 Hoardings
37:33 Iron Casting
37:01 Elite Skirmisher
37:44 Scale Mail Armor
38:01 Paladin
40:02 Two-Man Saw
39:08 Elite Teutonic Knight
40:06 Chain Mail Armor
40:52 Blast Furnace
41:56 Padded Archer Armor
42:26 Plate Mail Armor
56:13 Leather Archer Armor
58:35 Ring Archer Armor
58:25 Caravan
NoobMonk14
5:19 Loom
12:27 Feudal Age
13:25 Double-Bit Axe
16:46 Castle Age
16:05 Horse Collar
18:22 Bow Saw
22:53 Bloodlines
28:25 Wheelbarrow
31:04 Scale Barding Armor
31:42 Scale Mail Armor
31:40 Town Watch
37:31 Imperial Age
36:36 Hand Cart
36:40 Forging
38:33 Ballistics
38:42 Husbandry
38:34 Cavalier
39:54 Chain Barding Armor
39:43 Vendel Legacy
40:43 Conscription
39:50 Light Cavalry
41:41 Plate Barding Armor
41:42 Heavy Plow
41:23 Capped Ram
42:02 Gothikon
44:18 Two-Man Saw
44:18 Crop Rotation
43:54 Onager
44:45 Caravan
44:54 Siege Ram
45:20 Hussar
49:07 Onager
49:10 Elite Jarl
54:42 Fletching
55:28 Masonry
56:27 Bodkin Arrow
56:41 Siege Engineers
Szorinx
0:27 Loom
12:52 Feudal Age
18:13 Castle Age
16:39 Horse Collar
17:13 Double-Bit Axe
23:58 Scale Mail Armor
27:57 Squires
27:44 Arson
28:15 Forging
28:21 Chain Mail Armor
30:00 Wheelbarrow
34:53 Imperial Age
33:05 Bow Saw
33:25 Masonry
33:34 Heavy Plow
34:58 Stone Mining
34:58 Gold Mining
36:04 Hand Cart
36:16 Conscription
35:22 Hamask
36:22 Town Watch
37:14 Plate Mail Armor
37:19 Iron Casting
37:15 Elite Jomsviking
39:15 Ballistics
40:10 Blast Furnace
39:00 Fletching
39:44 Onager
41:12 Gold Shaft Mining
41:09 Siege Engineers
41:23 Northmen's Fury
43:07 Chemistry
41:54 Siege Onager
43:44 Caravan
45:13 Hoardings
46:31 Bodkin Arrow
46:34 Murder Holes
57:07 Capped Ram
58:03 Siege Ram
NotADuck
3:27 Loom
11:21 Feudal Age
14:58 Castle Age
13:14 Double-Bit Axe
16:14 Bow Saw
20:15 Chemistry
19:05 Loom
20:41 Horse Collar
21:57 Wheelbarrow
25:53 Imperial Age
24:56 Pikeman
26:20 Halberdier
28:03 Scale Mail Armor
28:13 Forging
29:31 Siege Engineers
29:49 Chain Mail Armor
31:25 Houfnice
32:47 Heavy Plow
34:29 Plate Mail Armor
35:00 Hand Cart
35:21 Squires
35:06 Arson
35:56 Caravan
38:00 Iron Casting
38:34 Ballistics
38:24 Fortified Wall
38:11 Fletching
37:45 Capped Ram
39:16 Wagenburg Tactics
39:31 Bodkin Arrow
39:37 Padded Archer Armor
41:27 Conscription
41:30 Leather Archer Armor
42:15 Blast Furnace
41:16 Bracer
58:59 Ring Archer Armor
58:51 Bombard Tower
58:42 Masonry
Connection lost

Rejoining the realm…

Still unreachable

The connection could not be restored.

Session expired

The server has moved on; the page needs a fresh start.